 Dungeon Crawl Stone Soup version 0.19.1-1-g22dce08 (webtiles) character file.

11517 ImaNewbie the Cleaver (level 11, -16/89 HPs)
             Began as a Hill Orc Fighter on Jan 17, 2017.
             Was a Believer of Uskayaw.
             Demolished by an ettin
             ... wielding a +0 dire flail
              (24 damage)
             ... on level 1 of the Orcish Mines on Jan 18, 2017.
             The game lasted 00:46:51 (11984 turns).

ImaNewbie the Cleaver (Hill Orc Fighter)           Turns: 11984, Time: 00:46:52

Health: -16/89     AC: 33    Str: 22    XL:     11   Next: 79%
Magic:  13/17      EV:  2    Int:  8    God:    Uskayaw [**....]
Gold:   566        SH: 11    Dex: 11    Spells: 0 memorised, 10 levels left

rFire  . . .     SeeInvis .     H - +3 war axe (curse)
rCold  . . .     Gourm    .     k - +0 crystal plate armour
rNeg   . . .     Faith    +     j - +2 shield {AC+3}
rPois  +         Spirit   .     (no helmet)
rElec  .         Reflect  .     t - +0 cloak
rCorr  +         Harm     .     x - +2 pair of gloves
MR     +....                    (no boots)
Stlth  ..........               d - amulet of faith
                                a - ring of resist corrosion
                                A - ring of protection from magic

@: no status effects
A: slimy green scales 1, thin metallic scales 1, frail 1, poison resistance
a: Stomp, Line Pass, Renounce Religion


You were on level 1 of the Orcish Mines.
You worshipped Uskayaw.
Uskayaw was aware of your devotion.
You were not hungry.

You visited 3 branches of the dungeon, and saw 14 of its levels.
You also visited: Bailey.

You collected 566 gold pieces.

Inventory:

Hand Weapons
 C - a +4 battleaxe
 H - a cursed +3 war axe (weapon)
 R - a +1 war axe of freezing
Missiles
 m - 6 needles of sleeping
 q - 85 poisoned needles
Armour
 j - a +2 shield of protection (worn)
 k - a +0 crystal plate armour (worn)
 t - a +0 cloak (worn)
 x - a +2 pair of gloves (worn)
 S - a +2 plate armour of magic resistance
Jewellery
 a - a ring of resist corrosion (right hand)
 d - an amulet of faith (around neck)
 A - a ring of protection from magic (left hand)
 D - an uncursed ring of ice
Wands
 c - a wand of iceblast (4/15)
 w - a wand of lightning (6/15)
 F - a wand of random effects (22/48)
 G - a wand of iceblast (11/15)
 L - a wand of acid (7/15)
 O - a wand of paralysis (11/24)
 P - a wand of teleportation (4/9)
Scrolls
 e - a scroll of noise
 h - a scroll of summoning {unknown}
 i - 8 scrolls of remove curse
 r - a scroll of identify
 s - a scroll of teleportation
 v - 2 scrolls of amnesia
 y - 2 scrolls of enchant armour
 z - a scroll of recharging
 B - a scroll of vulnerability {unknown}
 J - 2 scrolls of blinking
 M - a scroll of torment
 Q - a scroll of magic mapping
Potions
 f - a potion of curing
 o - a potion of cure mutation
 p - 3 potions of brilliance
 u - a potion of cancellation
 I - a potion of berserk rage
 N - a potion of ambrosia
 T - a potion of magic {unknown}
Books
 b - a Young Poisoner's Handbook

   Spells                             Type                      Level
   a - Sting                          Conjuration/Poison           1
   b - Mephitic Cloud                 Conjuration/Poison/Air       3
   c - Olgreb's Toxic Radiance        Poison                       4
   d - Alistair's Intoxication        Transmutation/Poison         5
   e - Venom Bolt                     Conjuration/Poison           5
Comestibles
 g - 5 slices of pizza
 l - 10 bread rations
 n - 7 beef jerkies
 E - 11 fruits
 K - 5 chunks of flesh


   Skills:
 - Level 10.0 Fighting
 - Level 14.0 Axes
 + Level 11.6 Armour
 - Level 3.8 Shields
 - Level 9.0 Invocations


You had 10 spell levels left.
You didn't know any spells.

Dungeon Overview and Level Annotations

Branches:
Dungeon (12/15)            Temple (1/1) D:4            Lair (0/6) D:11
    Orc (1/2) D:11

Altars:
Ashenzari
Cheibriados
Dithmenos
Elyvilon
Fedhas
Gozag
Hepliaklqana
Kikubaaqudgha
Makhleb
Nemelex Xobeh
Okawaru
Qazlal
Ru
Sif Muna
Trog
Uskayaw
Vehumet
Xom
Yredelemnul
Zin
The Shining One

Shops:
D:6 (

Annotations:
D:5 1 runed door
D:10 1 exclusion


Innate Abilities, Weirdness & Mutations

You are partially covered in slimy green scales. (AC +2)
You are partially covered in thin metallic scales. (AC +2)
You are frail. (-10% HP)
Your system is resistant to poisons. (rPois)


Message History

You slash the ettin!
The ettin is heavily wounded.
The ettin hits you with a dire flail!! You block the ettin's attack.
You hit the ettin.
The ettin is heavily wounded.
Aiming: Line Pass
Press: ? - help, Dir - move target cursor The ettin appears confused.
You feel quite a bit more hungry.
You catch the helpless ettin completely off-guard!
You slash the ettin!
The ettin is severely wounded.
You completely miss the ettin.
The ettin is severely wounded.
The ettin seems less confused.
The ettin hits you with a dire flail. The ettin hits you with a great mace!!
* * * LOW HITPOINT WARNING * * *
You slash the ettin!
The ettin is almost dead.
The ettin hits you with a dire flail!!
You die...

##...####....#
##....@##.....##
#.......C........
#$..#......##...
... ##..>..# .
###..<# #....##
........
..........
......##.. ..#...
... .##... ##.
###


You could see an ettin.

Vanquished Creatures
  The ghost of bosm the Grappler, a novice DDTm of Makhleb (D:8)
  5 hill giants
  4 molten gargoyles (D:10)
  The ghost of Kiturien the Sneak, a novice OpFi (D:5)
  A komodo dragon (D:11)
  A troll (D:9)
  5 hippogriffs
  3 wyverns
  2 hungry ghosts
  A water moccasin (D:11)
  2 ice beasts
  3 black bears
  10 orc warriors
  A necrophage (D:8)
  2 sky beasts (D:9)
  4 ogres
  2 centaurs
  A phantom (D:4)
  6 bullfrogs
  3 scorpions
  A water moccasin skeleton (D:3)
  10 wights
  A howler monkey (D:6)
  6 crimson imps
  2 centaur zombies
  4 orc priests
  2 bullfrog zombies (D:6)
  5 hounds
  4 jellies
  An iguana (D:4)
  13 orc wizards
  A centaur skeleton (D:11)
  Ijyb (D:3)
  7 worker ants
  2 hound skeletons
  2 worker ant zombies
  Robin (D:3)
  14 adders
  6 gnolls (D:8)
  A howler monkey skeleton (D:5)
  A shadow imp (D:5)
  An adder skeleton (D:9)
  5 worms
  2 dart slugs
  5 leopard geckos
  46 orcs
  10 bats
  14 giant cockroaches
  15 hobgoblins
  6 jackals
  5 quokkas
  4 ball pythons
  6 frilled lizards
  25 goblins
  7 kobolds
  6 rats
  A butterfly (D:5)
  3 plants (D:11)
304 creatures vanquished.

Vanquished Creatures (others)
  An orc (D:7)
1 creature vanquished.

Grand Total: 305 creatures vanquished

Notes
Turn   | Place    | Note
-------+----------+-------------------------------------------
     0 | D:1      | ImaNewbie the Hill Orc Fighter began the quest for the Orb.
     0 | D:1      | Reached XP level 1. HP: 19/19 MP: 1/1
    10 | D:1      | Reached skill level 3 in Axes
   274 | D:1      | Reached XP level 2. HP: 26/26 MP: 2/2
   290 | D:1      | Reached skill level 4 in Axes
   457 | D:1      | Reached XP level 3. HP: 26/31 MP: 3/3
  1010 | D:2      | Reached skill level 5 in Axes
  1194 | D:2      | Reached XP level 4. HP: 40/40 MP: 4/4
  1799 | D:3      | Reached XP level 5. HP: 34/47 MP: 5/5
  1843 | D:3      | Reached skill level 6 in Axes
  2223 | D:3      | Reached skill level 5 in Fighting
  2642 | D:3      | Noticed Ijyb
  2656 | D:3      | Killed Ijyb
  2763 | D:3      | Noticed Robin
  2775 | D:3      | Killed Robin
  2775 | D:3      | Reached XP level 6. HP: 56/56 MP: 6/6
  3116 | D:4      | Found a glowing silver altar of Zin.
  3132 | D:4      | Reached skill level 7 in Axes
  3191 | D:4      | Found a staircase to the Ecumenical Temple.
  3197 | Temple   | Entered the Ecumenical Temple
  3217 | Temple   | Became a worshipper of Uskayaw the Reveler
  3351 | D:4      | Reached * piety under Uskayaw
  3386 | D:4      | Reached ** piety under Uskayaw
  3396 | D:4      | Reached *** piety under Uskayaw
  3434 | D:4      | Reached XP level 7. HP: 46/64 MP: 7/7
  3701 | D:4      | Reached skill level 8 in Axes
  4112 | D:5      | Entered Level 5 of the Dungeon
  4117 | D:5      | Found a hazy altar of Hepliaklqana.
  4150 | D:5      | Found a stormy altar of Qazlal.
  4152 | D:5      | Noticed Kiturien's ghost (novice OpFi)
  4317 | D:5      | Found a runed door.
  4409 | D:5      | Reached skill level 9 in Axes
  4667 | D:5      | Found a runed door.
  4713 | D:5      | Killed Kiturien's ghost
  4713 | D:5      | Reached skill level 10 in Axes
  4713 | D:5      | Reached XP level 8. HP: 34/73 MP: 8/8
  4856 | D:5      | Found an ancient bone altar of Kikubaaqudgha.
  4856 | D:5      | Found a shimmering altar of Xom.
  4858 | D:5      | Found a snail-covered altar of Cheibriados.
  5029 | D:5      | Reached skill level 11 in Axes
  5030 | D:5      | Reached **** piety under Uskayaw
  5324 | D:6      | Found Liepsaq's Antique Weapon Boutique.
  5504 | D:6      | Reached skill level 12 in Axes
  5610 | D:6      | Reached skill level 1 in Invocations
  6054 | D:7      | Reached XP level 9. HP: 34/79 MP: 10/12
  6099 | D:7      | Reached skill level 5 in Invocations
  6161 | D:7      | Reached ***** piety under Uskayaw
  6246 | D:7      | Found a flagged portal.
  6300 | D:7      | Gained mutation: Your system is resistant to poisons. (rPois) [potion of mutation]
  6300 | D:7      | Gained mutation: You are frail. (-10% HP) [potion of mutation]
  6300 | D:7      | Gained mutation: You are partially covered in thin metallic scales. (AC +2) [potion of mutation]
  6302 | Bailey   | Entered a bailey
  6349 | Bailey   | Gained mutation: You are partially covered in slimy green scales. (AC +2) [potion of beneficial mutation]
  6674 | Bailey   | Noticed an orc knight
  7605 | D:8      | Noticed bosm's ghost (novice DDTm)
  7650 | D:8      | Killed bosm's ghost
  7650 | D:8      | Reached skill level 13 in Axes
  7650 | D:8      | Reached XP level 10. HP: 70/81 MP: 16/16
  7821 | D:8      | Found a deep blue altar of Sif Muna.
  8234 | D:8      | Reached skill level 14 in Axes
  8254 | D:8      | Reached skill level 10 in Fighting
  8663 | D:9      | You fall through a shaft for 3 floors!
  8738 | D:10     | Entered Level 10 of the Dungeon
  8763 | D:10     | Reached skill level 5 in Armour
  8778 | D:10     | Noticed a hill giant
  8787 | D:10     | Killed a hill giant
  9051 | D:10     | Noticed a hill giant
  9077 | D:10     | Killed a hill giant
  9077 | D:10     | Reached XP level 11. HP: 62/89 MP: 12/17
  9184 | D:10     | Noticed a hill giant
  9193 | D:10     | Killed a hill giant
  9593 | D:10     | Noticed a hill giant
  9604 | D:10     | Killed a hill giant
 10369 | D:10     | Reached skill level 10 in Armour
 11586 | D:11     | Found a staircase to the Lair.
 11625 | D:11     | Noticed a hill giant
 11635 | D:11     | Killed a hill giant
 11763 | D:11     | Found a staircase to the Orcish Mines.
 11920 | D:12     | Noticed a cyclops
 11971 | Orc:1    | Entered Level 1 of the Orcish Mines
 11971 | Orc:1    | Noticed an ettin
 11984 | Orc:1    | Demolished by an ettin

Skill      XL: |  1  2  3  4  5  6  7  8  9 10 11 |
---------------+----------------------------------+-----
Axes           | 3 4 5 6 7 10 12 13 14 | 14.0
Fighting       | 4 5 6 7 8 10 | 10.0
Invocations    | 4 9 |  9.0
Armour         | 7 11 | 11.6
Shields        | |  3.8

Action                   |  1- 3 |  4- 6 |  7- 9 | 10-12 || total
-------------------------+-------+-------+-------+-------++-------
Melee: War axe           |   138 |   236 |   386 |   375 ||  1135
Invok: Line Pass         |       |       |     1 |     2 ||     3
  Use: Scroll            |       |       |    17 |     7 ||    24
       Potion            |       |       |     9 |     1 ||    10
 Stab: Paralysed         |       |       |    12 |    26 ||    38
       Invisible         |       |       |     3 |     2 ||     5
       Confused          |       |       |       |     2 ||     2
  Eat: Chunk             |     1 |     8 |    10 |    11 ||    30
       Meat ration       |       |       |     1 |     1 ||     2
       Beef jerky        |       |       |       |     1 ||     1
Armor: Scale mail        |    61 |    88 |     2 |       ||   151
       Chain mail        |       |    32 |   162 |       ||   194
       Crystal plate arm |       |       |    36 |   211 ||   247
       Skin              |       |       |     6 |       ||     6
Dodge: Dodged            |    47 |    52 |    59 |    11 ||   169
Block: Shield            |    76 |   101 |   170 |   153 ||   500
